 Dungeon Crawl Stone Soup version 0.28.0 (webtiles) character file.

Game seed: 15241210973966110983

11109 danielguo94 the Basher (level 11, -27/60 HPs)
             Began as a Gargoyle Fighter on Feb 8, 2022.
             Was a Priest of the Shining One.
             Killed from afar by a rime drake (35 damage)
             ... with a flash freeze
             ... on level 2 of the Lair of Beasts.
             The game lasted 00:19:49 (15041 turns).

danielguo94 the Basher (Gargoyle Fighter)          Turns: 15041, Time: 00:19:49

Health: -27/60     AC: 24    Str: 21    XL:     11   Next: 72%
Magic:  16/16      EV:  8    Int: 10    God:    the Shining One [***...]
Gold:   402        SH:  5    Dex: 11    Spells: 10/10 levels left

rFire   + . .      SeeInvis .   K - +0 morningstar
rCold   . . .      Faith    .   c - +0 buckler
rNeg    + + .      Spirit   .   d - +1 chain mail {rF+}
rPois   ∞          Reflect  .   q - +2 helmet
rElec   +          Harm     .   (no cloak)
rCorr   .          Rampage  .   (no gloves)
Will    .....                   a - +0 pair of boots
Stlth   ..........              (no amulet)
HPRegen 0.20/turn               (no ring)
MPRegen 0.15/turn               (no ring)

@: glowing
A: sickness immunity, AC +8, negative energy resistance 1, electricity
resistance, torment resistance 1, petrification resistance, frail 1, high MP 1
a: Renounce Religion, Divine Shield, Cleansing Flame


You were on level 2 of the Lair of Beasts.
You worshipped the Shining One.
The Shining One was most pleased with you.
You visited 3 branches of the dungeon, and saw 13 of its levels.
You also visited: Ossuary.

You collected 727 gold pieces.
You spent 325 gold pieces at shops.

Inventory:

Hand Weapons
 K - a +0 morningstar (weapon)
Missiles
 f - 450 stones (quivered)
 i - 13 poisoned darts
 G - 10 boomerangs
Armour
 a - a +0 pair of boots (worn)
 c - a +0 buckler (worn)
 d - a +1 chain mail of fire resistance (worn)
 q - a +2 helmet (worn)
Jewellery
 k - a ring of fire
 F - an amulet of the acrobat
 I - a ring of positive energy
Wands
 g - a wand of iceblast (12)
 H - a wand of polymorph (6)
Scrolls
 b - 5 scrolls of blinking
 h - 2 scrolls of fear {unknown}
 j - 5 scrolls of teleportation
 r - a scroll of silence {unknown}
 s - 2 scrolls of vulnerability {unknown}
 t - a scroll of magic mapping {unknown}
 u - 2 scrolls of enchant weapon {unknown}
 y - 2 scrolls of enchant armour {unknown}
 E - a scroll of immolation
Potions
 e - 5 potions of flight
 l - a potion of ambrosia
 n - 2 potions of berserk rage {unknown}
 o - 4 potions of attraction
 p - a potion of mutation
 v - 4 potions of curing {unknown}
 w - a potion of lignification {unknown}
 x - a potion of haste
 z - 2 potions of magic {unknown}
 A - a potion of cancellation {unknown}
 B - a potion of heal wounds {unknown}
 C - a potion of invisibility {unknown}
 D - a potion of resistance {unknown}


   Skills:
 + Level 7.4 Fighting
 * Level 13.6 Maces & Flails
 + Level 8.3 Armour
 + Level 2.5 Dodging
 + Level 6.4 Shields
 * Level 5.6 Invocations
 + Level 0.5 Evocations


You had 10 spell levels left.
You didn't know any spells.
Your spell library contained the following spells:

 Spells                   Type           Power      Damage    Failure   Level
 Foxfire                  Conj/Fire      0%         2x1d4     98%         1
 Ensorcelled Hibernation  Hex/Ice        0%         N/A       99%         2
 Passwall                 Tmut/Erth      0%         N/A       99%         2
 Conjure Flame            Conj/Fire      0%         6-21      100%        3
 Gell's Gravitas          Tloc           0%         N/A       100%        3
 Inner Flame              Hex/Fire       0%         N/A       100%        3
 Lesser Beckoning         Tloc           0%         N/A       100%        3
 Swiftness                Air            0%         N/A       100%        3
 Teleport Other           Tloc           0%         N/A       100%        3
 Flame Wave               Conj/Fire      0%         2d4       100%        4
 Leda's Liquefaction      Hex/Erth       0%         N/A       100%        4
 Lee's Rapid Deconstruct  Erth           0%         3d5*      100%        5
 Statue Form              Tmut/Erth      Unusable   N/A       N/A         6

Dungeon Overview and Level Annotations

Branches:
Dungeon (10/15)            Temple (1/1) D:6            Lair (2/6) D:10
Ossuary (visited)
  Swamp: Lair:2-4    Shoals: Lair:2-4     Snake: Lair:2-4    Spider: Lair:2-4
    Orc: D:9-12

Altars:
Ashenzari
Cheibriados
Dithmenos
Elyvilon
Gozag
Kikubaaqudgha
Okawaru
Qazlal
Sif Muna
Trog
Uskayaw
Vehumet
Wu Jian
Xom
Yredelemnul
Zin
The Shining One
Beogh

Shops:
D:5 *:([

Portals:
Abyss: D:7

Annotations:
D:9 3 runed translucent doors, Lobster4's ghost, novice HuDe
D:10 3 runed translucent doors, danielguo94's ghost, novice GrFi


Innate Abilities, Weirdness & Mutations

You are immune to sickness and miasma.
Your stone body is resilient. (AC +8)
You are immune to poison.
You resist negative energy. (rN+)
You are resistant to electric shocks. (rElec)
You are resistant to unholy torment.
You are immune to petrification.
You are frail. (-10% HP)
You have an increased reservoir of magic. (+10% MP)


Message History

The rime drake is lightly wounded.
The rime drake bites you but does no damage.
You completely miss the rime drake.
The rime drake is lightly wounded.
The ice encasing you melts away. The rime drake breathes ice at you.
The flash freeze hits you!!
You are encased in ice.
You sock the rime drake!
The rime drake is moderately wounded.
The rime drake bites you but does no damage.
You barely miss the rime drake.
The rime drake is moderately wounded.
The rime drake bites you but does no damage.
You hit the rime drake.
The rime drake is heavily wounded.
The ice encasing you melts away. The rime drake breathes ice at you.
The flash freeze hits you!!
* * * LOW HITPOINT WARNING * * *
You are encased in ice.
Okay, then.
Unknown command.
You hit the rime drake.
The rime drake is heavily wounded.
The rime drake barely misses you.
You hit the rime drake.
The rime drake is severely wounded.
The rime drake bites you but does no damage.
You hit the rime drake.
The rime drake is severely wounded.
The ice encasing you melts away. The rime drake bites you.
* * * LOW HITPOINT WARNING * * *
You barely miss the rime drake.
The rime drake is severely wounded.
The rime drake breathes ice at you. The flash freeze hits you!!
Ouch! That really hurt!
You die...

####..... .. . ...+..... #.#P
#.P..... #... #.#..... ..#
##...... ..# #P....# #. #.###
##..#.# #. ##k#.#### ##.... ####.
#####.@.....# ###.<...
###..P.+###...+.<.....####..#....
.........###..........##.#.......
.............P#.......###..##....
.........'..###.......+....##....
..........####.........#####.....
..#.#...### ##.......## ##....
#...# #.P#.+PP# #.... #..P#
####..### .##.#


You could see a rime drake (catching breath).

Vanquished Creatures
  A hydra (Lair:1)
  A two-headed ogre (D:8)
  The ghost of SnakkuSnakku7 the Cleaver, a novice HODe of Beogh (D:7)
  Pikel (D:5)
  A toenail golem (D:7)
  4 cane toads
  A troll (D:10)
  A raiju (D:7)
  2 hornets (D:8)
  A small abomination (D:7)
  4 wraiths
  6 yaks
  2 basilisks
  3 wargs (D:10)
  An acid dragon (D:10)
  7 water moccasins
  4 orc warriors
  An ice beast (D:7)
  3 centaurs
  3 ogres
  2 kobold brigands
  4 bullfrogs
  2 scorpions
  A water moccasin zombie (D:5)
  5 wights
  The ghost of Lobster4 the Stinger, a weakling MfVM (D:3)
  An electric eel (Lair:2)
  3 centaur zombies
  2 orc priests
  A centaur skeleton (D:7)
  A gnoll shaman (D:4)
  3 human zombies (Ossuary)
  Terence (D:3)
  An iguana (D:5)
  Natasha (thrice) (D:3)
  3 orc wizards
  7 hell rats (Lair:1)
  A hound skeleton (D:5)
  3 mummies (Ossuary)
  18 gnolls
  A howler monkey skeleton (D:7)
  7 adders
  A hound simulacrum (D:3)
  3 white imps
  2 worms
  4 dart slugs
  2 adder simulacra (D:3)
  30 orcs
  6 endoplasms
  4 giant cockroaches
  3 gnoll zombies (Ossuary)
  34 goblins
  23 hobgoblins
  3 quokkas
  7 ball pythons
  6 bats
  5 frilled lizards
  A goblin zombie (Ossuary)
  12 kobolds
  A kobold zombie (Ossuary)
  A quokka simulacrum (D:3)
  A quokka skeleton (D:4)
  10 rats
278 creatures vanquished.

Vanquished Creatures (others)
  A white imp (D:7)
  A fungus (Lair:1)
  3 plants
5 creatures vanquished.

Grand Total: 283 creatures vanquished

Notes
Turn   | Place    | Note
-------+----------+-------------------------------------------
     0 | D:1      | danielguo94 the Gargoyle Fighter began the quest for the
                  | Orb.
     0 | D:1      | Reached XP level 1. HP: 14/14 MP: 1/1
    46 | D:1      | Reached XP level 2. HP: 17/19 MP: 2/2
   184 | D:1      | Reached XP level 3. HP: 24/24 MP: 3/3
   319 | D:1      | Found a faded altar of an unknown god.
   843 | D:2      | Reached XP level 4. HP: 28/29 MP: 4/4
  1293 | D:3      | Reached skill level 3 in Maces & Flails
  1362 | D:3      | Noticed a centaur
  1377 | D:3      | Killed a centaur
  1378 | D:3      | Reached XP level 5. HP: 15/33 MP: 5/5
  1521 | D:3      | Noticed Natasha
  1529 | D:3      | Killed Natasha
  1530 | D:3      | Reached skill level 4 in Maces & Flails
  1601 | D:3      | Found a runed translucent gate.
  1601 | D:3      | Found a runed translucent gate.
  1601 | D:3      | Found a runed translucent gate.
  1693 | D:3      | Noticed Lobster4's ghost (weakling MfVM)
  1710 | D:3      | Noticed Terence
  1728 | D:3      | Killed Terence
  1729 | D:3      | Reached XP level 6. HP: 27/38 MP: 6/6
  1988 | D:3      | Noticed Natasha
  2146 | D:3      | Found a basalt altar of Yredelemnul.
  2553 | D:4      | Reached skill level 1 in Dodging
  2816 | D:4      | Reached skill level 5 in Maces & Flails
  3569 | D:4      | Reached XP level 7. HP: 29/43 MP: 7/7
  3981 | D:3      | Killed Natasha
  4137 | D:3      | Noticed Natasha
  4157 | D:3      | Killed Natasha
  4217 | D:5      | Entered Level 5 of the Dungeon
  4366 | D:5      | Reached skill level 6 in Maces & Flails
  4484 | D:5      | Found a bloodstained altar of Trog.
  4487 | D:5      | Noticed Pikel
  4518 | D:5      | Killed Pikel
  4519 | D:5      | Reached skill level 7 in Maces & Flails
  4519 | D:5      | Reached skill level 5 in Armour
  4519 | D:5      | Reached XP level 8. HP: 35/48 MP: 8/8
  4631 | D:5      | Found Bovaluh's Book Emporium.
  4818 | D:5      | Found Ziegiroeclu's Armour Shoppe.
  4822 | D:5      | Found Qyden's Antique Weapon Shoppe.
  5080 | D:5      | Found Larutic's General Store.
  5090 | D:5      | Bought a scroll of blinking for 82 gold pieces
  5274 | D:5      | Found a shimmering altar of Xom.
  5406 | D:6      | Reached skill level 5 in Fighting
  5672 | D:6      | Reached skill level 8 in Maces & Flails
  5681 | D:6      | Found a radiant altar of Vehumet.
  5802 | D:6      | Found a staircase to the Ecumenical Temple.
  5817 | Temple   | Entered the Ecumenical Temple
  5895 | Temple   | Became a worshipper of the Shining One
  6350 | D:7      | Found a one-way gate to the infinite horrors of the Abyss.
  6350 | D:7      | Noticed SnakkuSnakku7's ghost (novice HODe)
  6354 | D:7      | Found a transporter.
  6385 | D:7      | Reached skill level 5 in Shields
  6467 | D:7      | Found a transporter.
  6473 | D:7      | Found a hide-covered altar of Uskayaw.
  6575 | D:7      | Reached XP level 9. HP: 54/54 MP: 9/9
  6852 | D:7      | Noticed a toenail golem
  7014 | D:3      | Killed Lobster4's ghost
  7014 | D:3      | Reached * piety under the Shining One
  7159 | D:7      | Reached skill level 1 in Invocations
  7177 | D:8      | Reached skill level 9 in Maces & Flails
  7191 | D:8      | Found a white marble altar of Elyvilon.
  7305 | D:8      | Found a shadowy altar of Dithmenos.
  7307 | D:8      | Noticed a hornet
  7317 | D:8      | Killed a hornet
  7331 | D:8      | Noticed a hornet
  7348 | D:8      | Gained mutation: You are frail. (-10% HP) [potion of
                  | mutation]
  7348 | D:8      | Gained mutation: You have an increased reservoir of magic.
                  | (+10% MP) [potion of mutation]
  7357 | D:8      | Killed a hornet
  7437 | D:8      | Found an opulent altar of Gozag.
  7549 | D:8      | Noticed a two-headed ogre
  7580 | D:8      | Killed a two-headed ogre
  7581 | D:8      | Reached skill level 10 in Maces & Flails
  7592 | D:8      | Reached XP level 10. HP: 24/54 MP: 13/13
  7623 | D:8      | Found a sand-covered staircase.
  7670 | Ossuary  | Entered an ossuary
  7800 | Ossuary  | Reached ** piety under the Shining One
  8033 | D:8      | Found an ornate altar of the Wu Jian Council.
  9250 | D:9      | Found a runed translucent gate.
  9251 | D:9      | Found a runed translucent gate.
  9252 | D:9      | Found a runed translucent gate.
  9254 | D:9      | Noticed Lobster4's ghost (novice HuDe)
  9443 | D:5      | Bought a dazzling morningstar for 243 gold pieces
  9443 | D:5      | Identified the +8 morningstar "Apladuig" {drain, rPois
                  | Str+3} (You bought it in a shop on level 5 of the Dungeon)
  9670 | D:9      | Reached skill level 11 in Maces & Flails
  9767 | D:9      | Noticed a skeletal warrior
  9767 | D:9      | Reached *** piety under the Shining One
 10010 | D:9      | Found a stormy altar of Qazlal.
 10056 | D:10     | Entered Level 10 of the Dungeon
 10513 | D:10     | Found a staircase to the Lair.
 10760 | D:10     | Reached skill level 12 in Maces & Flails
 11523 | D:10     | Found a runed translucent gate.
 11523 | D:10     | Found a runed translucent gate.
 11525 | D:10     | Found a runed translucent gate.
 11525 | D:10     | Noticed a nine-headed hydra
 11525 | D:10     | Noticed danielguo94's ghost (novice GrFi)
 11698 | D:10     | Reached XP level 11. HP: 51/59 MP: 15/15
 12564 | D:7      | Reached skill level 5 in Invocations
 12840 | D:7      | Killed SnakkuSnakku7's ghost
 13017 | Lair:1   | Entered Level 1 of the Lair of Beasts
 13050 | Lair:1   | Reached skill level 13 in Maces & Flails
 13141 | Lair:1   | Reached **** piety under the Shining One
 14393 | Lair:1   | Noticed a seven-headed hydra
 14405 | Lair:1   | Killed a seven-headed hydra
 15041 | Lair:2   | Killed from afar by a rime drake

Illustrated notes

Levels and vault maps discovered:
D:1:      mrwooster_arrival_arrow, layout_rooms,
          hellmonk_ecumenical_altar_defaced_shrine
D:2:      layout_loops_ring
D:3:      layout_loops_ring, nicolae_overflow_hidden_temple,
          gammafunk_ghost_icy, uniq_natasha, uniq_terence
D:4:      minmay_goblin_kobold_castle, layout_basic
D:5:      layout_layer_cave, mainiacjoe_overflow_big_doors, serial_shops,
          nicolae_shop_statue_plus, shop, shop_fountains,
          nicolae_take_the_stairs, skrybe_limestone_x,
          minmay_misc_feat_four_crosses, uniq_pikel
D:6:      layout_rooms, mainiacjoe_overflow_tiny_flanked,
          minmay_temple_entry_sparse_star, minmay_misc_feat_x,
          kennysheep_generic_room_5
D:7:      layout_loops_cross, mainiacjoe_overflow_catwalk,
          gammafunk_ghost_abyssal_escape
D:8:      layout_layer_cave, nicolae_dithmenos_the_darkroom,
          amcnicky_altar_gilded, marbit_many_paths, overflow_temple_1_default,
          chequers_ossuary_entry_cave
D:9:      kennysheep_big_flooded_room, layout_irregular_city,
          lemuel_coloured_pillars_altar, ebering_ghost_rock_garden
D:10:     layout_loops_corners, erik_lair_orcish_takeover, special_room
          [special_room_orc], gammafunk_ghost_hydra_chop,
          nicolae_elevator_lobby_plus
Temple:   minmay_temple_forest_path
Lair:1:   layout_loops_ring, grunt_megastairs_2
Lair:2:   layout_roguey, portal_ice_cave_entry_pillars_2,
          infiniplex_staircase_pool

Skill      XL: |  1  2  3  4  5  6  7  8  9 10 11 |
---------------+----------------------------------+-----
Maces & Flails | 3 4 5 7 8 10 12 13 | 13.6
Armour         | 4 5 6 7 8 |  8.3
Shields        | 4 5 6 |  6.4
Fighting       | 4 5 6 7 |  7.4
Dodging        | 1 2 |  2.5
Invocations    | 3 4 5 |  5.6
Evocations     | |  0.5

Action                   |  1- 3 |  4- 6 |  7- 9 | 10-12 || total
-------------------------+-------+-------+-------+-------++-------
Melee: Flail             |    14 |       |   129 |   311 ||   454
       Whip              |   105 |   348 |   313 |       ||   766
       Morningstar       |       |       |       |   163 ||   163
Throw: Dart              |       |       |     5 |       ||     5
       Stone             |       |       |     1 |       ||     1
Invok: Cleansing Flame   |       |       |       |     2 ||     2
       Divine Shield     |       |       |       |     1 ||     1
Evoke: Wand              |       |       |     6 |       ||     6
  Use: Scroll            |       |     4 |     2 |     2 ||     8
       Potion            |       |       |     3 |     1 ||     4
Armor: Scale mail        |    55 |    66 |       |       ||   121
       Chain mail        |       |   160 |   223 |   255 ||   638
Dodge: Dodged            |    69 |   134 |   122 |   127 ||   452
Block: Buckler           |    31 |    79 |    89 |   118 ||   317
